 Dungeon Crawl Stone Soup version 0.18.1-8-gdd0e5ea (webtiles) character file.

462 santipi the Shield-Bearer (level 7, -1/54 HPs)
             Began as a Human Fighter on June 5, 2016.
             Slain by Prince Ribbit (13 damage)
             ... on level 5 of the Dungeon.
             The game lasted 00:18:33 (2926 turns).

santipi the Shield-Bearer (Human Fighter)           Turns: 2926, Time: 00:18:33

Health: -1/54      AC: 11    Str: 15 (18) XL:     7   Next: 28%
Magic:  7/7        EV:  8    Int:  6 (8)  God:
Gold:   190        SH:  9    Dex: 12 (13) Spells: 0 memorised, 6 levels left

rFire  . . .     SeeInvis .     s - +1 spear
rCold  . . .     Gourm    .     b - +0 scale mail
rNeg   . . .     Faith    .     c - +0 shield
rPois  .         Spirit   .     t - +1 helmet
rElec  .         Dismiss  .     i - +0 cloak
rCorr  .         Reflect  .     j - +0 pair of gloves
SustAt .         Harm     .     (no boots)
MR     .....                    (no amulet)
Stlth  ..........               (no ring)
                                (no ring)

@: not resistant to hostile enchantments, extremely unstealthy
A: no striking features
a: no special abilities


You were on level 5 of the Dungeon.
You were not hungry.

You visited 1 branch of the dungeon, and saw 5 of its levels.

You collected 190 gold pieces.

Inventory:

Hand Weapons
 a - a +0 long sword
 h - a +0 mace
 p - a +0 mace
 s - a +1 spear (weapon)
Armour
 b - a +0 scale mail (worn)
 c - a +0 shield (worn)
 i - a +0 cloak (worn)
 j - a +0 pair of gloves (worn)
 t - a +1 helmet (worn)
Wands
 u - a wand of confusion (30/48)
Scrolls
 e - 4 scrolls of amnesia
 l - 2 scrolls of teleportation
 o - 2 scrolls of remove curse
 v - 2 scrolls of identify
Potions
 d - a potion of might
 g - a potion of heal wounds
 m - a potion of flight {unknown}
 n - 2 potions of cancellation {unknown}
 q - 2 potions of beneficial mutation {unknown}
 r - a potion of curing
 x - a potion of lignification {unknown}
Comestibles
 f - 5 bread rations
 w - 2 chunks of flesh


   Skills:
 + Level 4.2 Fighting
 - Level 2.5 Long Blades
 * Level 2.5 Polearms
 + Level 4.2 Armour
 + Level 3.1 Dodging
 + Level 4.3 Shields


You had 6 spell levels left.
You didn't know any spells.

Dungeon Overview and Level Annotations

Branches:
Dungeon (5/15)
 Temple: D:4-7

Altars:

Annotations:
D:5 Prince Ribbit


Message History

It was a potion of degeneration.
There was something very wrong with that liquid.
You feel weakened.
You feel dopey.
You feel clumsy. You block Prince Ribbit's attack.
Your shield prevents you from hitting Prince Ribbit.
Prince Ribbit is moderately wounded.
You block Prince Ribbit's attack.
You miss Prince Ribbit.
Prince Ribbit is moderately wounded.
Prince Ribbit hits you but does no damage.
You block Prince Ribbit's attack.
You miss Prince Ribbit.
Prince Ribbit is moderately wounded.
Prince Ribbit hits you.
* * * LOW HITPOINT WARNING * * *
You hit Prince Ribbit.
Prince Ribbit is moderately wounded.
Prince Ribbit hits you but does no damage. x2
Prince Ribbit hits you!
You die...

#....# #. #....# #.
#....## ###.####
#.....# #......#
#.....## #......#
#.<....# #......#
#......####
#......###..........
#...>@F......###.##.
#>.....#####.# #
#.......# #...
......##### #####
!..... ...... .####


You could see Prince Ribbit.

Vanquished Creatures
  An ogre (D:4)
  The ghost of Statics the Firebug, an amateur DsFE (D:3)
  A scorpion (D:3)
  A hound (D:4)
  An orc priest (D:4)
  A giant frog skeleton (D:4)
  An iguana (D:4)
  6 adders
  An adder skeleton (D:4)
  2 worms
  2 dart slugs (D:2)
  3 orcs (D:4)
  5 giant cockroaches
  13 hobgoblins
  2 jackals
  2 quokkas
  A ball python (D:2)
  10 bats
  9 giant newts
  5 goblins
  7 kobolds
  9 rats
84 creatures vanquished.

Notes
Turn   | Place    | Note
--------------------------------------------------------------
     0 | D:1      | santipi the Human Fighter began the quest for the Orb.
     0 | D:1      | Reached XP level 1. HP: 18/18 MP: 1/1
    53 | D:1      | Reached XP level 2. HP: 23/24 MP: 2/2
   374 | D:1      | Reached XP level 3. HP: 22/29 MP: 3/3
   453 | D:1      | Reached skill level 1 in Dodging
  1062 | D:2      | Reached XP level 4. HP: 32/35 MP: 4/4
  1882 | D:3      | Reached XP level 5. HP: 20/41 MP: 5/5
  2026 | D:3      | Noticed Statics's ghost (amateur DsFE)
  2052 | D:3      | Killed Statics's ghost
  2052 | D:3      | Reached skill level 1 in Polearms
  2052 | D:3      | Reached XP level 6. HP: 40/48 MP: 6/6
  2363 | D:4      | Noticed an ogre
  2383 | D:4      | Killed an ogre
  2383 | D:4      | Reached XP level 7. HP: 13/54 MP: 7/7
  2870 | D:5      | Entered Level 5 of the Dungeon
  2879 | D:5      | Noticed Prince Ribbit
  2926 | D:5      | Slain by Prince Ribbit

Skill      XL: |  1  2  3  4  5  6 |
---------------+-------------------+-----
Dodging        | 1 2 3 |  3.1
Polearms       | 1 2 |  2.5
Armour         | 4 |  4.2
Shields        | 4 |  4.3
Fighting       | 4 |  4.2
Long Blades    | |  2.5

Action                   |  1- 3 |  4- 6 |  7- 9 || total
-------------------------+-------+-------+-------++-------
Melee: Long sword        |    91 |    33 |       ||   124
       Spear             |       |   174 |    84 ||   258
  Use: Scroll            |     7 |     7 |     1 ||    15
       Potion            |     1 |     1 |     2 ||     4
  Eat: Bread ration      |     1 |       |       ||     1
       Pizza             |       |     1 |       ||     1
       Meat ration       |       |       |     1 ||     1
Armor: Scale mail        |    59 |    92 |    29 ||   180
Dodge: Dodged            |    39 |    60 |    24 ||   123
Block: Shield            |    50 |    75 |    44 ||   169
